 Dungeon Crawl Stone Soup version 0.23.1-37-gaa34b87 (webtiles) character file.

Game seed: 6666572061411195368

137 vishdafish the Shield-Bearer (level 5, 0/32 HPs)
             Began as an Octopode Fighter on Mar 22, 2019.
             Was a Follower of Cheibriados.
             Slain by a gnoll
             ... wielding a +2 spear of venom
              (3 damage)
             ... on level 3 of the Dungeon.
             The game lasted 00:03:06 (1731 turns).

vishdafish the Shield-Bearer (Octopode Fighter)     Turns: 1731, Time: 00:03:07

Health: 0/32       AC:  1    Str: 18    XL:     5   Next: 20%
Magic:  5/5        EV: 12    Int: 18    God:    Cheibriados [*.....]
Gold:   158        SH: 13    Dex: 13    Spells: 4/4 levels left

rFire    . . .     SeeInvis +     - Unarmed
rCold    . . .     Gourm    .   a - +0 shield
rNeg     . . .     Faith    .   (helmet restricted)
rPois    .         Spirit   .   m - amulet of regeneration (curse)
rElec    .         Reflect  .   (no ring)
rCorr    .         Harm     .   (no ring)
MR       .....                  (no ring)
Stlth    +++.......             (no ring)
HPRegen  0.50/turn              (no ring)
MPRegen  0.09/turn              (no ring)
                                (no ring)
                                (no ring)

@: brilliant, lethally poisoned (0 -> -1), very slow
A: almost no armour, stealthy swim, amphibious, 8 rings, constrict 8, large bone
plates 1, camouflage 1, see invisible, frail 1, gelatinous body 1
a: Bend Time, Renounce Religion


You were on level 3 of the Dungeon.
You worshipped Cheibriados.
Cheibriados was aware of your devotion.
You were hungry.

You visited 1 branch of the dungeon, and saw 3 of its levels.

You collected 158 gold pieces.

Inventory:

Armour
 a - a +0 shield (worn)
Jewellery
 m - a cursed amulet of regeneration (around mantle)
Wands
 g - a wand of digging (5)
Scrolls
 e - 2 scrolls of identify {unknown}
 f - a scroll of immolation {unknown}
 i - a scroll of fog {unknown}
 k - a scroll of noise {unknown}
 l - a scroll of amnesia {unknown}
 n - a scroll of fear {unknown}
 o - a scroll of remove curse {unknown}
 q - 2 scrolls of random uselessness {unknown}
Potions
 b - a potion of might
 d - a potion of heal wounds {unknown}
 h - 2 potions of mutation
 j - 2 potions of brilliance
 p - a potion of curing {unknown}
 r - 2 potions of haste {unknown}
Comestibles
 c - 5 rations


   Skills:
 - Level 3.4 Fighting
 - Level 3.5 Dodging
 - Level 2.4 Stealth
 + Level 3.8 Shields
 + Level 3.1 Unarmed Combat
 + Level 0.9 Invocations


You had 4 spell levels left.
You didn't know any spells.
Your spell library was empty.

Dungeon Overview and Level Annotations

Branches:
Dungeon (3/15)

Altars:
Cheibriados

Annotations:
D:3 1 transporter, Lauz's ghost, weakling BaIE


Innate Abilities, Weirdness & Mutations

You cannot wear most types of armour.
You are very stealthy in the water. (Stealth+)
You are amphibious.
You can wear up to eight rings at the same time.
You can use your tentacles to constrict eight enemies at once.
Your skin changes colour to match your surroundings (Stealth+).
Your rubbery body absorbs attacks. (AC +1, EV +1)
You are partially covered in large bone plates. (SH +4)
You have supernaturally acute eyesight. (SInv)
You are frail. (-10% HP)


Message History

You kill the gnoll!
Cheibriados appreciates the change of pace.
The gnoll hits you from afar with a +0 halberd!
The gnoll hits you from afar with a +2 spear of venom!
You are poisoned.
Okay, then.
Okay, then.
It was a potion of mutation.
You feel extremely strange.
You feel frail.
Large bone plates grow over parts of your tentacles.
Your vision sharpens.
You feel sick.
The gnoll hits you from afar with a +0 halberd!
* * * LOW HITPOINT WARNING * * *
The gnoll closely misses you.
It was a potion of brilliance.
You feel clever all of a sudden. You block the gnoll's attack.
The gnoll barely misses you.
The gnoll hits you from afar with a +2 spear of venom.
You die...

#..≈≈#..###.###..#≈≈.#
#..≈≈#g..........#≈≈.######
#..≈≈###.##'##.###≈≈.##....
#..≈≈..#g#P.P#.#..≈≈.##.#..
#..≈≈.##.'...'.##.≈≈.##.#.#
#..≈≈.#g.#P.P#.g#.≈≈.##.#..
#..≈≈.##.##g##.##.≈≈.##.#..
#..≈≈.(#.#P.P#.#.....##....
#..≈≈.©#.g@©.'.#©....##.#..
#..≈≈..#g#8⌠8#.#.....##....
#..≈≈.##.#####.##.≈≈.####..
##.≈≈.#©.#=:$#..#.≈≈.####.#
#.≈≈.##.#.W.#.##.≈≈.#....#
#.≈≈..#.#$$$#.#..≈≈...####
#.≈≈###.##+##.###≈≈...#
#.≈≈#...........#≈≈.#.##
#.≈≈#).###g###..#≈≈....#


You could see 3 gnolls.

Vanquished Creatures
  Crazy Yiuf (D:2)
  Terence (D:2)
  A gnoll (D:3)
  2 adders (D:3)
  A worm (D:2)
  4 dart slugs
  2 leopard geckos
  2 giant cockroaches
  4 goblins
  4 hobgoblins
  8 bats
  6 frilled lizards
  8 kobolds
  7 rats
51 creatures vanquished.

Notes
Turn   | Place    | Note
-------+----------+-------------------------------------------
     0 | D:1      | vishdafish the Octopode Fighter began the quest for the
                  | Orb.
     0 | D:1      | Reached XP level 1. HP: 16/16 MP: 1/1
   158 | D:1      | Reached XP level 2. HP: 21/21 MP: 2/2
   503 | D:2      | Found a snail-covered altar of Cheibriados.
   511 | D:2      | Reached XP level 3. HP: 26/26 MP: 3/3
   518 | D:2      | Became a worshipper of Cheibriados the Contemplative
   708 | D:2      | Found a runed translucent door.
   709 | D:2      | Noticed Crazy Yiuf
   951 | D:2      | Reached skill level 1 in Stealth
  1189 | D:2      | Noticed Terence
  1198 | D:2      | Killed Terence
  1198 | D:2      | Reached XP level 4. HP: 31/31 MP: 4/4
  1236 | D:2      | Killed Crazy Yiuf
  1283 | D:3      | Reached * piety under Cheibriados
  1553 | D:3      | Found a transporter.
  1578 | D:3      | Reached XP level 5. HP: 27/36 MP: 5/5
  1689 | D:3      | Found a transporter.
  1689 | D:3      | Noticed Lauz's ghost (weakling BaIE)
  1730 | D:3      | Gained mutation: You are frail. (-10% HP) [potion of
                  | mutation]
  1730 | D:3      | Gained mutation: You are partially covered in large bone
                  | plates. (SH +4) [potion of mutation]
  1730 | D:3      | Gained mutation: You have supernaturally acute eyesight.
                  | (SInv) [potion of mutation]
  1731 | D:3      | Slain by a gnoll

Skill      XL: |  1  2  3  4 |
---------------+-------------+-----
Stealth        | 1 2 |  2.4
Unarmed Combat | 3 |  3.1
Fighting       | |  3.4
Dodging        | |  3.5
Shields        | |  3.8
Invocations    | |  0.9

Action                   |  1- 3 |  4- 6 || total
-------------------------+-------+-------++-------
Melee: Unarmed           |    84 |    35 ||   119
       Constrict         |    24 |     9 ||    33
       Tentacles         |    13 |     4 ||    17
       Punch             |     1 |       ||     1
  Use: Potion            |       |     2 ||     2
 Stab: Sleeping          |    12 |     2 ||    14
  Eat: Chunk             |     1 |     1 ||     2
Armor: Skin              |     5 |     2 ||     7
Dodge: Dodged            |    32 |    22 ||    54
Block: Shield            |    36 |    24 ||    60
